 Dungeon Crawl Stone Soup version 0.29.1-1-gd02db6906a (webtiles) character file.

Game seed: 10148230283108060346

7 SINSOJ the Ogre Mage (level 2, 0/24 HPs)
             Began as an Ogre Hedge Wizard on Oct 21, 2022.
             Slain by a kobold
             ... wielding a +0 short sword
              (2 damage)
             ... on level 1 of the Dungeon.
             The game lasted 00:01:14 (708 turns).

SINSOJ the Ogre Mage (Ogre Hedge Wizard)             Turns: 708, Time: 00:01:15

Health: 0/24       AC:  3    Str: 13    XL:     2   Next: 4%
Magic:  6/6        EV:  9    Int: 15    God:
Gold:   22         SH:  0    Dex:  8    Spells: 7/8 levels left

rFire   . . .      SeeInvis .   a - +0 dagger
rCold   . . .      Faith    .   (no shield)
rNeg    . . .      Spirit   .   b - +0 robe
rPois   .          Reflect  .   c - +0 hat
rElec   .          Harm     .   (no cloak)
rCorr   .          Rampage  .   (gloves unavailable)
Will    .....                   (boots unavailable)
Stlth   +.........              (no amulet)
HPRegen 0.08/turn               (no ring)
MPRegen 0.10/turn               (no ring)

@: no status effects
A: large, unfitting armour, tough skin 1
a: no special abilities


You were on level 1 of the Dungeon.
You visited 1 branch of the dungeon, and saw 1 of its levels.

You collected 22 gold pieces.

Inventory:

Hand Weapons
 a - a +0 dagger (weapon)
Armour
 b - a +0 robe (worn)
 c - a +0 hat (worn)
Potions
 d - a potion of magic
 e - a potion of lignification {unknown}


   Skills:
 + Level 1.8 Dodging
 + Level 1.5 Stealth
 + Level 3.7 Spellcasting
 + Level 1.1 Conjurations
 + Level 1.0 Summonings
 + Level 1.0 Translocations


You had 7 spell levels left.
You knew the following spells:

 Your Spells              Type           Power      Damage    Failure   Level
a - Magic Dart            Conj           24%        1d4       12%         1

Your spell library contained the following spells:

 Spells                   Type           Power      Damage    Failure   Level
 Slow                     Hex            8%         N/A       19%         1
 Blink                    Tloc           12%        N/A       19%         2
 Call Imp                 Summ           5%         N/A       19%         2
 Conjure Flame            Conj/Fire      4%         6-21      41%         3
 Mephitic Cloud           Conj/Pois/Air  3%         N/A       43%         3


Dungeon Overview and Level Annotations

Branches:
Dungeon (1/15)

Altars:


Innate Abilities, Weirdness & Mutations

You are too large for most types of armour.
You have tough skin. (AC +1)


Message History

The kobold hits you but does no damage. The quokka barely misses you.
You miss the kobold.
The kobold is moderately wounded.
The rat bites you.
The kobold hits you with a +0 short sword.
The quokka bites you but does no damage.
You hit the kobold.
The kobold is severely wounded.
The quokka bites you. The rat closely misses you. The kobold misses you.
You hit the kobold but do no damage.
The kobold is severely wounded.
The quokka closely misses you. The rat barely misses you.
The kobold hits you with a +0 short sword.
You closely miss the kobold.
The kobold is severely wounded.
The quokka bites you. The rat bites you but does no damage.
The kobold closely misses you.
You closely miss the kobold.
The kobold is severely wounded.
The quokka bites you but does no damage.
The rat closely misses you. The kobold hits you but does no damage.
The quokka closely misses you.
You hit the kobold but do no damage.
The kobold is severely wounded.
The rat bites you.
* * * LOW HITPOINT WARNING * * *
The kobold barely misses you. The quokka bites you.
* * * LOW HITPOINT WARNING * * *
Memorise Call Imp, consuming 2 spell levels and leaving 5? [Y]es or [N]o only, please.
Memorise Call Imp, consuming 2 spell levels and leaving 5?
The quokka bites you but does no damage.
Your memorisation is interrupted.
The rat barely misses you. The kobold completely misses you.
You completely miss the kobold.
The kobold is severely wounded.
The quokka bites you but does no damage.
The rat closely misses you.
The kobold hits you with a +0 short sword.
You die...

.. ... ##. #.# #..
.. ... ..# #..##.#
#[# #..#..# #.#
#..#..####.#####.#
#................#
#..rKr.###..######
#...@...##..#
#............# ####
#.#.?.....###.# #.>.
##.....##
#.######.##
##...#####........##
.#........##.......
.#########.##.######
.# #.##.# #.##.#


You could see a quokka, a kobold and a rat.

Vanquished Creatures
  An endoplasm (D:1)
  2 giant cockroaches (D:1)
  A frilled lizard (D:1)
  2 goblins (D:1)
  A rat (D:1)
7 creatures vanquished.

Notes
Turn   | Place    | Note
-------+----------+-------------------------------------------
     0 | D:1      | SINSOJ the Ogre Hedge Wizard began the quest for the Orb.
     0 | D:1      | Reached XP level 1. HP: 16/16 MP: 5/5
    27 | D:1      | Reached skill level 1 in Conjurations
    33 | D:1      | Reached skill level 1 in Translocations
   303 | D:1      | Reached skill level 1 in Summonings
   641 | D:1      | Reached XP level 2. HP: 22/24 MP: 6/6
   708 | D:1      | Slain by a kobold

Illustrated notes

Levels and vault maps discovered:
D:1:      lightli_arrival_flooded_house, layout_loops_ring, serial_shops, shop,
          shapermc_ecumenical_altar_mp_ritualfount,
          chequers_serial_rivers_small_b, minmay_pentomino_t4

Skill      XL: |  1 |
---------------+----+-----
Conjurations   | 1 |  1.1
Translocations | 1 |  1.0
Summonings     | 1 |  1.0
Dodging        | |  1.8
Stealth        | |  1.5
Spellcasting   | |  3.7

Action                   || total
-------------------------++-------
Melee: Dagger            ||    58
       Punch             ||     1
Armor: Robe              ||    25
Dodge: Dodged            ||    41
